AoeStats
← HORA DE CALLARSE UN POQUITO

QS Arena

503196781Analyzed
4v4 RM · 1mo ago on Aug 30, 2026· 95m 25s· 8 players
Game mode
Random Map
Map size
Large (8 player)
Population
200
Speed
Normal
Resources
Standard
Victory
Conquest
Starting age
Dark Age
Ending age
Imperial Age
RankedLock teamsTeams togetherTeam positionsShared explorationLock speedFull tech treeHidden civsTurbo modeCheats
Victory
Defeat
🇮🇳 Turks · India
835
+9
🇩🇪 Franks · Germany
767
+12
🇫🇷 Bulgarians · France
726
+14
🇺🇸 Cumans · United States
716
+14
🇵🇪 Aztecs · Peru
738
-15
🇵🇪 Japanese · Peru
679
-12
670
-12
🇵🇪 Bohemians · Peru
647
-20
kolb-alexander
12:26 Feudal Age
13:50 Double-Bit Axe
17:08 Scale Barding Armor
17:14 Forging
17:41 Fletching
18:26 Gold Mining
21:02 Castle Age
19:01 Stone Mining
20:14 Scale Mail Armor
22:35 Husbandry
23:00 Chain Barding Armor
22:36 Bodkin Arrow
24:33 Ballistics
25:08 Bow Saw
26:15 Murder Holes
27:14 Gold Shaft Mining
28:40 Iron Casting
28:34 Squires
31:39 Wheelbarrow
31:42 Fortified Wall
36:30 Imperial Age
36:16 Masonry
36:32 Cavalier
41:00 Plate Barding Armor
44:08 Blast Furnace
43:51 Architecture
44:24 Paladin
49:28 Chivalry
51:20 Chemistry
50:26 Siege Engineers
59:57 Caravan
62:09 Conscription
91:27 Spies/Treason
kriber
1:13 Loom
14:18 Feudal Age
14:45 Double-Bit Axe
17:11 Horse Collar
21:18 Scale Mail Armor
21:30 Forging
iKalakamalaka
9:17 Feudal Age
8:17 Loom
9:53 Horse Collar
10:00 Double-Bit Axe
10:55 Wheelbarrow
12:40 Gold Mining
14:54 Town Watch
16:19 Stone Mining
18:55 Fletching
19:11 Scale Barding Armor
23:00 Castle Age
25:00 Hand Cart
25:21 Bow Saw
25:13 Heavy Plow
29:12 Imperial Age
26:48 Steppe Husbandry
26:45 Arson
27:01 Squires
26:21 Pikeman
27:12 Town Watch
28:00 Murder Holes
28:17 Masonry
27:58 Capped Ram
29:30 Town Patrol
30:49 Conscription
31:50 Guilds
32:40 Crop Rotation
33:33 Hoardings
34:17 Bodkin Arrow
34:42 Chain Barding Armor
34:33 Forging
34:23 Scale Mail Armor
34:46 Ballistics
36:01 Elite Kipchak
37:08 Halberdier
39:59 Gold Shaft Mining
40:15 Plate Barding Armor
40:16 Iron Casting
40:10 Parthian Tactics
40:01 Thumb Ring
42:06 Siege Ram
44:04 Fervor
44:14 Sanctity
45:18 Cuman Mercenaries
51:47 Onager
61:08 Cuman Mercenaries
72:47 Two-Man Saw
90:47 Spies/Treason
Owen Knight
12:43 Feudal Age
16:24 Castle Age
20:30 Imperial Age
46:17 Gold Mining
50:10 Gold Shaft Mining
53:37 Artillery
52:58 Elite Janissary
75:05 Caravan
justin20ov
1:57 Loom
10:54 Feudal Age
12:58 Man-at-Arms
14:01 Double-Bit Axe
14:56 Horse Collar
15:21 Gold Mining
17:50 Scale Mail Armor
20:44 Castle Age
22:14 Long Swordsman
22:39 Gambesons
27:47 Gold Shaft Mining
27:07 Stone Mining
33:21 Imperial Age
35:17 Wheelbarrow
35:11 Two-Handed Swordsman
36:43 Elite Samurai
45:51 Kataparuto
45:31 Yasama
46:59 Heavy Scorpion
61:28 Crossbowman
62:14 Thumb Ring
62:50 Bloodlines
62:00 Light Cavalry
62:01 Cavalier
62:42 Husbandry
62:48 Pikeman
63:29 Squires
68:49 Pikeman
69:35 Halberdier
HORA DE CALLARSE UN POQUITO
4:36 Loom
8:14 Feudal Age
8:52 Double-Bit Axe
9:49 Wheelbarrow
10:19 Horse Collar
11:56 Gold Mining
18:46 Castle Age
20:01 Capped Ram
21:29 Hand Cart
21:59 Gold Shaft Mining
22:21 Bow Saw
24:16 Heavy Plow
24:19 Scale Mail Armor
24:25 Scale Barding Armor
25:46 Stone Mining
26:39 Coinage
26:10 Caravan
32:15 Murder Holes
32:41 Ballistics
36:55 Imperial Age
37:24 Onager
37:24 Siege Ram
41:37 Siege Onager
43:07 Steppe Husbandry
43:08 Cuman Mercenaries
42:30 Elite Kipchak
45:07 Chemistry
49:42 Two-Man Saw
49:18 Crop Rotation
58:21 Banking
58:02 Guilds
57:59 Padded Archer Armor
57:50 Fletching
58:11 Forging
58:17 Chain Mail Armor
58:23 Chain Barding Armor
58:19 Masonry
64:54 Leather Archer Armor
64:35 Bodkin Arrow
65:16 Plate Barding Armor
73:23 Ring Archer Armor
73:30 Iron Casting
73:26 Plate Mail Armor
CHULETÓN
13:13 Feudal Age
19:39 Castle Age
21:41 Double-Bit Axe
25:50 Horse Collar
31:29 Heavy Plow
35:52 Bow Saw
39:42 Scale Barding Armor
46:49 Imperial Age
51:38 Cavalier
55:48 Chain Barding Armor
55:39 Forging
62:07 Caravan
62:21 Guilds
Elmau1618
2:36 Loom
10:22 Feudal Age
15:16 Castle Age
19:47 Double-Bit Axe
21:27 Bow Saw
22:04 Arson
22:20 Squires
22:51 Eagle Warrior
24:59 Forging
28:09 Gold Mining
29:57 Padded Archer Armor
30:05 Scale Mail Armor
31:14 Elite Skirmisher
32:21 Stone Mining
41:48 Imperial Age
57:15 Wheelbarrow
59:58 Hand Cart
59:28 Town Watch
59:13 Pikeman
60:28 Horse Collar
62:47 Heavy Plow
65:00 Gambesons
65:32 Chain Mail Armor
65:52 Iron Casting
65:32 Town Patrol
67:32 Plate Mail Armor
67:06 Caravan
67:36 Coinage
76:40 Blast Furnace
76:55 Leather Archer Armor
76:30 Fletching
77:12 Banking
77:28 Elite Eagle Warrior
Connection lost

Rejoining the realm…

Still unreachable

The connection could not be restored.

Session expired

The server has moved on; the page needs a fresh start.